Match 42709974
Unlisted

Match 42709974
End
Construct Barracks
Riflemen Squad
Riflemen Squad
Riflemen Squad
Riflemen Squad
Grenade Package
Construct Medical Station
Construct Weapon Support Center
Mechanized Support Center
M1919 Machine Gun Team
Selects Special Operations Battlegroup
Selects Raiding Flares
Selects SSF Commando Squad
M1918 Browning Automatic Rifles
Construct Tank Depot
SSF Commando Squad
Selects Air Re-supply Operation
Air Re-Supply Operation
M4A1 Sherman Medium Tank
Engineer Squad
M4A1 Sherman Medium Tank
Selects M29 Weasel Recon Vehicle
Improvised Armor
M18 Hellcat Tank Destroyer
M4A1 76mm Conversion
M4A1 76mm Conversion
Raiding Flares
Hank
★★★ DominaTor ★★★
T3h St33z
gUi
[NOMAD] AndrewZ
Snijboon
Бибирякальник старший
Пан Устиновский
0
0

Comments sign in to comment!

No comments posted yet!